 Dungeon Sprint DCSS version 0.21-a0-238-geb0acef (webtiles) character file.

451 terra52 the Covert (level 7, 0/56 HPs)
             Began as a Formicid Assassin on Sept 3, 2017.
             Was a Believer of Okawaru.
             Slain by Sonja
             ... wielding a +0 dagger of venom
              (7 damage)
             ... in the Dungeon (Sprint I: "Red Sonja").
             The game lasted 00:03:18 (240 turns).

terra52 the Covert (Formicid Assassin)               Turns: 240, Time: 00:03:19

Health: 0/56       AC:  3    Str: 16    XL:     7   Next: 25%
Magic:  8/9        EV: 16    Int: 10    God:    Okawaru [**....]
Gold:   370        SH:  0    Dex: 14    Spells: 6/6 levels left

rFire    . . .     SeeInvis +   n - +0 arbalest (curse)
rCold    . . .     Gourm    .   (no shield)
rNeg     . . .     Faith    .   c - +0 robe
rPois    .         Spirit   .   (helmet unavailable)
rElec    .         Reflect  .   d - +0 cloak
rCorr    .         Harm     .   (no gloves)
MR       .....                  (no boots)
Stlth    +++++++...             (no amulet)
HPRegen  0.18/turn              (no ring)
MPRegen  0.11/turn              (no ring)

@: lethally poisoned (0 -> -86), heroism
A: permanent stasis, dig shafts and tunnels, four strong arms, antennae 3
a: Dig, Heroism, Renounce Religion


You were in the Dungeon.
You worshipped Okawaru.
Okawaru was pleased with you.
You were not hungry.

You visited 1 branch You collected 370 gold pieces.

Inventory:

Hand Weapons
 a - a +2 dagger
 b - a +0 blowgun
 n - a cursed +0 arbalest (weapon)
Missiles
 e - 7 poisoned needles
Armour
 c - a +0 robe (worn)
 d - a +0 cloak (worn)
Scrolls
 m - a scroll of blinking
Potions
 f - 2 potions of agility {unknown}
 h - a potion of curing
 i - a potion of heal wounds
 j - a potion of haste
 k - 2 potions of magic
 l - a potion of berserk rage
 o - a potion of lignification {unknown}
Comestibles
 g - a bread ration


   Skills:
 + Level 5.1(10.1) Fighting
 + Level 3.7(8.7) Short Blades
 + Level 6.7(11.7) Throwing
 + Level 2.0(7.0) Dodging
 * Level 14.5(19.5) Stealth
 * Level 3.8 Invocations


You had 6 spell levels left.
You didn't know any spells.

Dungeon Overview and Level Annotations

Branches:
Dungeon (1/1)

Altars:
Cheibriados
Dithmenos
Elyvilon
Fedhas
Gozag
Hepliaklqana
Kikubaaqudgha
Nemelex Xobeh
Okawaru
Qazlal
Ru
Sif Muna
Trog
Uskayaw
Vehumet
Wu Jian
Yredelemnul
Zin
The Shining One

Shops:
D %[

Annotations:
D Sonja


Innate Abilities, Weirdness & Mutations

You cannot be hasted, slowed, berserked, paralysed or teleported.
You can dig through walls and to a lower floor.
Your four strong arms can wield two-handed weapons with a shield.
You have a pair of large antennae on your head. (SInv)


Message History

Unknown command.
You feel very sick. Sonja closely misses you. Sonja completely misses you.
Sonja hits you with an uncursed dagger of venom.
Sonja hits you but does no damage.
You are more poisoned.
Sonja misses you. Sonja hits you but does no damage.
You are more poisoned.
You feel very sick. Sonja closely misses you.
Sonja hits you with an uncursed dagger of venom.
* * * LOW HITPOINT WARNING * * *
You are more poisoned.
Sonja closely misses you.
Unknown command.
* * * LOW HITPOINT WARNING * * *
You feel extremely sick. Sonja closely misses you. x3
Sonja hits you with an uncursed dagger of venom!
You die...

#..#####'#####'# { {
#....##..#...#)# {{
#..#__####..##.# {
#..#_____##'#_.+ {
#⌠⌠#_.∩...'..._# {
###._).__##_.#'##+#### {
#..#_____###'#(..[...##{
############.####+###.##


+$@$+ { +(∩# #$K$# #### { ##.## { { { #+# {{ { { { { { {{{{ { {{{ You could see
Sonja.

Vanquished Creatures
  Sigmund (D)
  A yak (D)
  An ogre (D)
  A jelly (D)
  Ijyb (D)
5 creatures vanquished.

Notes
Turn   | Place    | Note
-------+----------+-------------------------------------------
     0 | D        | terra52 the Formicid Assassin began the quest for the Orb.
     0 | D        | Reached XP level 1. HP: 16/16 MP: 1/1
     5 | D        | Found a white marble altar of Elyvilon.
     5 | D        | Found a glowing silver altar of Zin.
     5 | D        | Found a glowing golden altar of the Shining One.
     5 | D        | Found an iron altar of Okawaru.
     5 | D        | Found a bloodstained altar of Trog.
     5 | D        | Found a blossoming altar of Fedhas.
     5 | D        | Found a stormy altar of Qazlal.
     5 | D        | Found an ancient bone altar of Kikubaaqudgha.
     5 | D        | Found Ujurr's Food Emporium.
     5 | D        | Found a basalt altar of Yredelemnul.
     5 | D        | Found a hide-covered altar of Uskayaw.
     5 | D        | Found a hazy altar of Hepliaklqana.
     5 | D        | Found a shadowy altar of Dithmenos.
     5 | D        | Found a sacrificial altar of Ru.
     5 | D        | Found a snail-covered altar of Cheibriados.
     5 | D        | Found an opulent altar of Gozag.
     5 | D        | Found a sparkling altar of Nemelex Xobeh.
     5 | D        | Noticed a yak
     9 | D        | Became a worshipper of Warmaster Okawaru
    26 | D        | Killed a yak
    26 | D        | Reached * piety under Okawaru
    26 | D        | Reached ** piety under Okawaru
    26 | D        | Reached skill level 5 in Throwing
    26 | D        | Reached skill level 1 in Dodging
    26 | D        | Reached skill level 11 in Stealth
    26 | D        | Reached XP level 2. HP: 25/25 MP: 2/2
    26 | D        | Reached XP level 3. HP: 30/30 MP: 3/3
    26 | D        | Reached XP level 4. HP: 37/37 MP: 4/4
    26 | D        | Reached XP level 5. HP: 42/42 MP: 5/5
    64 | D        | Noticed Ijyb
    66 | D        | Killed Ijyb
    71 | D        | Noticed an ogre
    95 | D        | Killed an ogre
    95 | D        | Reached skill level 12 in Stealth
    95 | D        | Reached XP level 6. HP: 32/49 MP: 5/7
   135 | D        | Noticed Sigmund
   137 | D        | Killed Sigmund
   137 | D        | Reached skill level 5 in Fighting
   137 | D        | Reached skill level 14 in Stealth
   137 | D        | Reached XP level 7. HP: 45/56 MP: 7/9
   155 | D        | Found a deep blue altar of Sif Muna.
   155 | D        | Found a radiant altar of Vehumet.
   155 | D        | Found an ornate altar of the Wu Jian Council.
   212 | D        | Found Qoanyezergh's Armour Emporium.
   230 | D        | Noticed Sonja
   240 | D        | Slain by Sonja

Vault maps used:
D:        dungeon_sprint_1

Skill      XL: |  1  2  3  4  5  6 |
---------------+-------------------+-----
Fighting       | 4 5 |  5.1
Short Blades   | 3 |  3.7
Throwing       | 5 6 |  6.7
Dodging        | 1 2 |  2.0
Stealth        | 11 12 14 | 14.5
Invocations    | 2 3 |  3.8

Action                   |  1- 3 |  4- 6 |  7- 9 || total
-------------------------+-------+-------+-------++-------
Melee: Dagger            |     1 |     2 |     1 ||     4
       Arbalest          |       |       |     1 ||     1
 Fire: Blowgun           |    10 |     8 |       ||    18
Invok: Heroism           |       |       |     1 ||     1
 Abil: Dig               |     1 |     1 |     2 ||     4
 Stab: Sleeping          |       |     2 |     2 ||     4
Armor: Robe              |     1 |       |     4 ||     5
Dodge: Dodged            |     2 |     5 |    16 ||    23

Table legend:
 A = Spawn XP
 B = Non-spawn XP
 C = Spawn XP percentage of total XP
 D = Spawn monster count
 E = Non-spawn monster count
 F = Spawn count percentage of total count
 G = Total turns spent on level
                    A         B        C        D         E        F      G
               +---------+---------+-------+---------+---------+-------+---------
         Total |       0 |     645 |   0.0 |       0 |       5 |   0.0 |   240
               +---------+---------+-------+---------+---------+-------+---------
             D |       0 |     645 |   0.0 |       0 |       5 |   0.0 |   240
               +---------+---------+-------+---------+---------+-------+---------
